 Dungeon Crawl Stone Soup version 0.32-a0-519-g08f29ac1c3 (webtiles) character file.

Game seed: 10631805013398859646

748 seren the Vexing (level 7, 0/50 HPs)
             Began as a Coglin Enchanter on Feb 27, 2024.
             Succumbed to a water moccasin's poison
             ... on level 5 of the Dungeon.
             The game lasted 00:14:02 (5846 turns).

seren the Vexing (Coglin Enchanter)                 Turns: 5846, Time: 00:14:02

Health: 0/50       AC:  0    Str: 10    XL:     7   Next: 77%
Magic:  11/11      EV: 12    Int: 15    God:
Gold:   254        SH:  0    Dex: 14    Spells: 3/11 levels left

rFire   . . .        t - +2 dagger (speed) {Daeho}
rCold   . . .        d - +2 falchion (elec) {Agam}
rNeg    . . .        q - +0 leather armour
rPois   .            w - +0 helmet
rElec   .            (no cloak)
rCorr   .            (no gloves)
SInv    .            (no boots)
Will    .....        o - amulet of the acrobat
Stlth   ++           (ring unavailable)
HPRegen 0.28/turn    (ring unavailable)
MPRegen 0.12/turn

%: acrobat
@: lethally poisoned (0 -> -7), corroded, invisible, revving
A: off-hand wielding, slow wielding, warmup strikes, no rings
a: no special abilities


You were on level 5 of the Dungeon.
You visited 1 branch of the dungeon, and saw 6 of its levels.

You collected 308 gold pieces.
You spent 54 gold pieces at shops.

Inventory:

Hand Weapons
 d - a +2 falchion of electrocution (offhand) {Agam}
 t - a +2 dagger of speed (weapon) {Daeho}
 x - a +2 dagger of venom {Francisco}
Missiles
 m - 30 stones (quivered)
 r - 6 poisoned darts
Armour
 b - a +0 robe
 q - a +0 leather armour (worn)
 w - a +0 helmet (worn)
Jewellery
 k - an amulet of magic regeneration
 o - an amulet of the acrobat (around neck)
Wands
 p - a wand of flame (11)
Scrolls
 a - a scroll of vulnerability {unknown}
 f - a scroll of teleportation {!r}
 g - a scroll of summoning {unknown}
 h - 3 scrolls of immolation
 i - 5 scrolls of enchant armour
 j - a scroll of poison {unknown}
 l - a scroll of noise {unknown}
 u - a scroll of blinking {unknown}
 y - a scroll of amnesia {unknown}
Potions
 c - a potion of invisibility
 e - a potion of resistance
 n - a potion of heal wounds {unknown}
 v - 2 potions of might
 z - a potion of ambrosia {unknown}


   Skills:
 + Level 2.2 Fighting
 * Level 3.1 Short Blades
 + Level 1.5 Armour
 + Level 3.1 Dodging
 + Level 3.7 Stealth
 + Level 2.9 Spellcasting
 + Level 3.7 Hexes
 - Level 1.0 Ice Magic
 * Level 3.4 Evocations


You had 3 spell levels left.
You knew the following spells:

 Your Spells              Type           Power      Damage    Failure   Level
a - Ensorcelled Hibernat  Hex/Ice        18%        N/A       16%         2
b - Confusing Touch       Hex            13%        N/A       17%         3
c - Tukima's Dance        Hex            13%        N/A       17%         3

Your spell library contained the following spells:

 Spells                   Type           Power      Damage    Failure   Level
 Magic Dart               Conj           8%         1d3       26%         1
 Dazzling Flash           Conj/Hex       14%        N/A       36%         3
 Blink                    Tloc           4%         N/A       38%         2
 Call Imp                 Summ           4%         N/A       38%         2
 Mercury Vapours          Alch/Air       4%         N/A       38%         2
 Static Discharge         Conj/Air       4%         3-4/arc   38%         2
 Mephitic Cloud           Conj/Alch/Air  2%         N/A       63%         3
 Airstrike                Air            1%         2d(1-17)  95%         4
 Passage of Golubria      Tloc           2%         N/A       95%         4
 Summon Lightning Spire   Summ/Air       2%         N/A       95%         4
 Vhi's Electric Charge    Tloc/Air       4%         N/A       95%         4
 Yara's Violent Unravell  Hex/Alch       3%         3d4       98%         5
 Arcjolt                  Conj/Air       1%         1d11      100%        5
 Freezing Cloud           Conj/Ice/Air   1%         6-21      100%        5
 Plasma Beam              Fire/Air       1%         2x1d11    100%        6


Dungeon Overview and Level Annotations

Branches:
Dungeon (6/15)
 Temple: D:4-7

Altars:
Dithmenos
Wu Jian

Shops:
D:4 [

Annotations:
D:5 exclusions: ice beast and water moccasin


Innate Abilities, Weirdness & Mutations

You can wield a second weapon in your off-hand.
It takes a long time for you to wield or remove held weapons.
Your first few attacks do less damage.
Your grasper-arms cannot wear rings.


Message History

The water moccasin completely misses you.
The water moccasin attacks as it pursues you!
The water moccasin bites you!
* * * LOW HITPOINT WARNING * * *
There is a stone staircase leading down here.
The water moccasin attacks as it pursues you!
The water moccasin completely misses you.
The water moccasin attacks as it pursues you!
The water moccasin closely misses you. x2
There is a stone staircase leading up here.
The water moccasin bites you!
* * * LOW HITPOINT WARNING * * *
The water moccasin bites you.
* * * LOW HITPOINT WARNING * * *
You climb upwards.
Level annotation: exclusions: ice beast and water moccasin
There is a stone staircase leading down here.
You feel better. The water moccasin bites you.
* * * LOW HITPOINT WARNING * * *
You are lethally poisoned!
The water moccasin poisons you!
You fade into invisibility!
* * * LOW HITPOINT WARNING * * *
You feel very sick. The water moccasin closely misses you.
You hit the water moccasin with your +2 dagger of speed.
The water moccasin is lightly wounded.
You hit the water moccasin but do no damage.
* * * LOW HITPOINT WARNING * * *
You feel very sick. The water moccasin closely misses you.
The water moccasin misses you.
You hit the water moccasin with your +2 dagger of speed.
The water moccasin is lightly wounded.
You miss the water moccasin with your +2 falchion of electrocution.
* * * LOW HITPOINT WARNING * * *
You feel sick. The water moccasin closely misses you.
You hit the water moccasin but do no damage.
The water moccasin is lightly wounded.
You closely miss the water moccasin with your +2 falchion of electrocution.
You die...

######...#####.......#
###.......## ###.....#
##..#####..# #.....# ##
##..## #### ##.....# .##
#..## #########.>....# ..#
#..# #..............# ..#
#..## ##...#####..)...##
..## #...######...##
######... #..##
##.......S@..### ###. ##..##
#.............####### ##
##...###....###............#
#
#..................######..#
#.##....####.).....## ##.##
# ....##.## ###))##..##
#..## ## ......##
##[[###..## #...###.
#......######..## ##..#
##...... #..≈≈..#.......#
##.## ###....


You could see a water moccasin (unable to see you).

Vanquished Creatures
  2 black bears
  A scorpion (D:5)
  A killer bee (D:4)
  A hound (D:5)
  3 jellies
  A bombardier beetle (D:5)
  A sleepcap (D:5)
  2 iguanas (D:5)
  An orc wizard (D:5)
  11 adders
  A shadow imp (D:6)
  A white imp (D:6)
  4 dart slugs
  3 ribbon worms (D:2)
  7 orcs
  3 bats
  9 endoplasms
  2 giant cockroaches
  7 goblins
  9 hobgoblins
  3 quokkas
  5 ball pythons
  2 frilled lizards (D:1)
  7 kobolds
  10 rats
97 creatures vanquished.

Notes
Turn   | Place    | Note
-------+----------+-------------------------------------------
     0 | D:1      | seren the Coglin Enchanter began the quest for the Orb.
     0 | D:1      | Reached XP level 1. HP: 13/13 MP: 3/3
    88 | D:1      | Reached skill level 1 in Short Blades
   143 | D:1      | Reached XP level 2. HP: 15/19 MP: 4/4
   429 | D:1      | Reached XP level 3. HP: 17/24 MP: 6/6
   874 | D:1      | Learned a level 2 spell: Ensorcelled Hibernation
  1263 | D:2      | Reached XP level 4. HP: 28/30 MP: 7/7
  2516 | D:3      | Reached XP level 5. HP: 36/36 MP: 8/8
  2586 | D:3      | Reached skill level 1 in Fighting
  3660 | D:4      | Found Ehifeex Fautt's Armour Shoppe.
  3668 | D:4      | Bought a +0 helmet for 54 gold pieces
  3777 | D:4      | Found a shadowy altar of Dithmenos.
  3990 | D:5      | Entered Level 5 of the Dungeon
  3995 | D:5      | Reached skill level 1 in Evocations
  4067 | D:5      | Reached XP level 6. HP: 30/43 MP: 9/9
  4123 | D:5      | Learned a level 3 spell: Confusing Touch
  4127 | D:5      | Learned a level 3 spell: Tukima's Dance
  4148 | D:5      | Found an ornate altar of the Wu Jian Council.
  4419 | D:5      | Reached skill level 1 in Armour
  4660 | D:5      | Reached skill level 1 in Ice Magic
  4812 | D:5      | Noticed an ice beast
  4940 | D:5      | Noticed a water moccasin
  5020 | D:5      | Noticed a black bear
  5034 | D:5      | Killed a black bear
  5035 | D:5      | Reached XP level 7. HP: 21/49 MP: 9/11
  5840 | D:6      | HP: 2/50 [water moccasin (5)]
  5845 | D:5      | HP: 2/50 [poisoned by a water moccasin]
  5846 | D:5      | Succumbed to a water moccasin's poison

Illustrated notes

Levels and vault maps discovered:
D:1:      psy_arrival_dodecagon, layout_loops_ring
D:2:      layout_loops_corners, minmay_pentomino_p4
D:3:      layout_basic
D:4:      layout_basic, kennysheep_little_box, serial_shops, shop
D:5:      layout_layer_cave, nicolae_wu_jian_wuxing_cycle
D:6:      layout_rooms, mainiacjoe_overflow_tiny_flanked,
          nemelex_dance_club_becter, serial_shops, nicolae_shop_waterfront

Skill      XL: |  1  2  3  4  5  6  7 |
---------------+----------------------+-----
Short Blades   | 1 2 3 |  3.1
Dodging        | 2 3 |  3.1
Spellcasting   | 2 |  2.9
Hexes          | 3 |  3.7
Stealth        | 3 |  3.7
Fighting       | 1 2 |  2.2
Evocations     | 1 2 3 |  3.4
Armour         | 1 |  1.5
Ice Magic      | 1 |  1.0

Action                     |  1- 3 |  4- 6 |  7- 9 || total
---------------------------+-------+-------+-------++-------
  Melee: Dagger            |    64 |   194 |    23 ||   281
         Short sword       |    55 |   117 |       ||   172
         Falchion          |       |     5 |    25 ||    30
   Cast: Ensorcelled Hiber |     2 |     9 |       ||    11
    Use: Potion            |       |     4 |     2 ||     6
         Scroll            |       |     6 |       ||     6
   Stab: Sleeping          |     7 |    15 |     1 ||    23
         Distracted        |       |     2 |       ||     2
 Armour: Robe              |    35 |    91 |     2 ||   128
         Leather armour    |       |     4 |    17 ||    21
  Dodge: Dodged            |    32 |    99 |    28 ||   159
         Repelled          |     2 |     4 |       ||     6

Table legend: (Time is in decaauts)
 A = Elapsed time spent in this place.
 B = Non-inter-level travel time spent in this place.
 C = Inter-level travel time spent in this place.
 D = Time resting spent in this place.
 E = Time spent auto-exploring this place.
 F = Levels seen in this place.
 G = Mean time per level.
                   A        B        C        D        E       F      G
               +--------+--------+--------+--------+--------+-----+--------+
         Total |   5814 |   5541 |    273 |    932 |   3289 |   6 |  969.0 |
       Dungeon |   5814 |   5541 |    273 |    932 |   3289 |   6 |  969.0 |
               +--------+--------+--------+--------+--------+-----+--------+

Top non-repeatable levels by time:
     D:2: 1589 daAuts
     D:5: 1401 daAuts
     D:4: 1387 daAuts
     D:1: 734 daAuts
     D:3: 550 daAuts
     D:6: 151 daAuts
